 Dungeon Crawl Stone Soup version 0.25.0-46-gbd7b0854d2 (webtiles) character file.

Game seed: 5514383085049059065

1752 Ethylacetat the Spear-Bearer (level 8, -1/65 HPs)
             Began as a Demonspawn Gladiator on July 16, 2020.
             Was a Believer of Okawaru.
             Slain by a wight
             ... wielding a +0 short sword
              (2 damage)
             ... on level 5 of the Dungeon.
             The game lasted 00:14:15 (7665 turns).

Ethylacetat the Spear-Bearer (Demonspawn Gladiator) Turns: 7665, Time: 00:14:15

Health: -1/65      AC:  4    Str: 17    XL:     8   Next: 78%
Magic:  8/8        EV: 11    Int: 10    God:    Okawaru [**....]
Gold:   265        SH:  5    Dex: 14    Spells: 7/7 levels left

rFire    + + .     SeeInvis .   m - +6 short sword
rCold    + . .     Gourm    .   (no shield)
rNeg     . . .     Faith    .   b - +0 leather armour
rPois    +         Spirit   .   c - +0 helmet
rElec    .         Reflect  +   z - scarf {rC+ rF+}
rCorr    .         Harm     .   (no gloves)
MR       .....                  (no boots)
Stlth    ++........             q - amulet of reflection
HPRegen  0.20/turn              w - ring of poison resistance
MPRegen  0.11/turn              A - ring of stealth

@: heavily drained
A: fire resistance 1, ignite blood, flame cloud immunity
a: Heroism, Renounce Religion


You were on level 5 of the Dungeon.
You worshipped Okawaru.
Okawaru was pleased with you.
You were very hungry.

You visited 2 branches of the dungeon, and saw 7 of its levels.

You collected 265 gold pieces.

Inventory:

Hand Weapons
 a - a +0 trident
 m - a +6 short sword (weapon)
Missiles
 d - 2 throwing nets (quivered)
Armour
 b - a +0 leather armour (worn)
 c - a +0 helmet (worn)
 z - a scarf of resistance (worn)
Jewellery
 q - an amulet of reflection (around neck)
 w - a ring of poison resistance (left hand)
 A - a ring of stealth (right hand)
Scrolls
 e - 3 scrolls of blinking {unknown}
 g - 4 scrolls of remove curse {unknown}
 h - a scroll of magic mapping {unknown}
 j - 3 scrolls of identify {unknown}
 l - 2 scrolls of teleportation {unknown}
 n - a scroll of enchant weapon {unknown}
 o - 2 scrolls of enchant armour {unknown}
 p - a scroll of amnesia {unknown}
 t - a scroll of fear {unknown}
 u - a scroll of random uselessness {unknown}
 y - 2 scrolls of silence {unknown}
 C - a scroll of summoning {unknown}
Potions
 i - 2 potions of flight {unknown}
 k - 2 potions of haste
 r - a potion of stabbing {unknown}
 s - 3 potions of lignification {unknown}
 v - a potion of curing {unknown}
 x - 2 potions of berserk rage {unknown}
Comestibles
 f - 11 rations


   Skills:
 + Level 6.8(4.4) Fighting
 * Level 9.0(6.4) Polearms
 - Level 1.7(0.0) Throwing
 - Level 2.6(0.5) Dodging


You had 7 spell levels left.
You didn't know any spells.
Your spell library was empty.

Dungeon Overview and Level Annotations

Branches:
Dungeon (6/15)             Temple (1/1) D:4

Altars:
Ashenzari
Dithmenos
Fedhas
Gozag
Kikubaaqudgha
Okawaru
Ru
Sif Muna
Wu Jian
Xom
The Shining One

Shops:
D:5 %=


Innate Abilities, Weirdness & Mutations

Your flesh is heat resistant. (rF+)
Your demonic aura causes spilled blood to erupt in flames.
You are immune to clouds of flame.


Message History

The orc hits you but does no damage.
The wight hits you from afar with a cursed +4 spear of freezing.
* * * LOW HITPOINT WARNING * * *
The wight hits you with a +0 short sword.
* * * LOW HITPOINT WARNING * * *
The orc barely misses you.
There is a stone staircase leading up, spattered with blood here.
You block the wight's attack.
The wight hits you with a +0 short sword.
* * * LOW HITPOINT WARNING * * *
You feel drained. The orc hits you.
* * * LOW HITPOINT WARNING * * *
You climb upwards.
There is a stone staircase leading down here.
You hit the wight.
The wight is moderately damaged.
The orc hits you.
* * * LOW HITPOINT WARNING * * *
The wight hits you with a +0 short sword.
You die...

.#.# 8#.#
##.# ...#
...# ...#
...#####.
######
.........
#..o.#
...<####
#.##@#
..∩.# #
#z#
.#..#####
#.#
.#......#.
#.#
.+........
#.#
.#......#.
#.#
........#
#.#
........#
#..
#.####..#


You could see a wight and an orc.

Vanquished Creatures
  Sigmund (D:6)
  A phantom (D:5)
  An orc warrior (D:6)
  2 ogres
  4 centaurs
  A scorpion (D:4)
  A wyvern skeleton (D:6)
  3 wights
  3 crimson imps
  A bullfrog skeleton (D:5)
  2 jellies (D:5)
  2 orc wizards
  A hound (D:4)
  2 orc priests (D:5)
  An iguana (D:4)
  2 centaur skeletons
  Jessica (D:4)
  3 worker ants
  The ghost of qipq the Magician, a weakling FoWz (D:3)
  4 gnolls (D:4)
  6 adders
  2 worms (D:3)
  4 dart slugs
  3 leopard geckos
  6 orcs
  A bat skeleton (D:2)
  6 giant cockroaches
  5 goblins
  2 hobgoblins (D:2)
  2 jackals (D:1)
  A quokka (D:5)
  2 ball pythons (D:3)
  8 bats
  2 frilled lizards
  2 goblin skeletons (D:5)
  A hobgoblin zombie (D:5)
  10 kobolds
  A kobold skeleton (D:5)
  2 kobold zombies (D:5)
  2 orc zombies (D:5)
  9 rats
114 creatures vanquished.

Notes
Turn   | Place    | Note
-------+----------+-------------------------------------------
     0 | D:1      | Ethylacetat the Demonspawn Gladiator began the quest for
                  | the Orb.
     0 | D:1      | Reached XP level 1. HP: 16/16 MP: 1/1
   205 | D:1      | Reached skill level 3 in Polearms
   302 | D:1      | Gained mutation: Your flesh is heat resistant. (rF+)
                  | [demonic ancestry]
   302 | D:1      | Reached XP level 2. HP: 22/22 MP: 2/2
  1144 | D:2      | Reached XP level 3. HP: 18/28 MP: 3/3
  1991 | D:3      | Reached skill level 4 in Polearms
  1991 | D:3      | Gained mutation: You are immune to clouds of flame.
                  | [demonic ancestry]
  1991 | D:3      | Reached XP level 4. HP: 14/35 MP: 4/4
  2636 | D:3      | Found a shimmering altar of Xom.
  2862 | D:3      | Found a runed translucent gate.
  2863 | D:3      | Found a runed translucent gate.
  2864 | D:3      | Found a runed translucent gate.
  2864 | D:3      | Noticed qipq's ghost (weakling FoWz)
  2870 | D:3      | Killed qipq's ghost
  3038 | D:4      | Reached XP level 5. HP: 29/41 MP: 5/5
  3292 | D:4      | Reached skill level 5 in Polearms
  3410 | D:4      | Noticed an ogre
  3417 | D:4      | Killed an ogre
  3417 | D:4      | Gained mutation: Your demonic aura causes spilled blood to
                  | erupt in flames. [demonic ancestry]
  3417 | D:4      | Reached XP level 6. HP: 18/48 MP: 6/6
  3676 | D:4      | Found a staircase to the Ecumenical Temple.
  3692 | Temple   | Entered the Ecumenical Temple
  3762 | Temple   | Became a worshipper of Warmaster Okawaru
  4550 | D:4      | Noticed Jessica
  4555 | D:4      | Killed Jessica
  4558 | D:4      | Found a shimmering blue altar of Sif Muna.
  5016 | D:5      | Entered Level 5 of the Dungeon
  5063 | D:5      | Reached skill level 6 in Polearms
  5063 | D:5      | Reached XP level 7. HP: 45/55 MP: 7/7
  5157 | D:5      | Found a glowing golden altar of the Shining One.
  5200 | D:5      | Found Qumnatab's Jewellery Shoppe.
  5320 | D:5      | Found Ifuril's Food Emporium.
  5530 | D:4      | Reached * piety under Okawaru
  5530 | D:4      | Reached skill level 5 in Fighting
  5938 | D:5      | Reached skill level 7 in Polearms
  6360 | D:5      | Reached ** piety under Okawaru
  6360 | D:5      | Reached XP level 8. HP: 12/64 MP: 8/8
  6806 | D:6      | Found a blossoming altar of Fedhas.
  6874 | D:6      | Found an opulent altar of Gozag.
  6905 | D:6      | Reached skill level 8 in Polearms
  7145 | D:6      | Found a sacrificial altar of Ru.
  7148 | D:6      | Noticed Sigmund
  7159 | D:6      | Killed Sigmund
  7377 | D:6      | HP: 2/65 [wight/cursed +3 short sword (4)]
  7660 | D:6      | Reached skill level 9 in Polearms
  7663 | D:6      | HP: 2/65 [orc (4)]
  7665 | D:5      | Slain by a wight

Illustrated notes

Levels and vault maps discovered:
D:1:      ebering_trefoil_twist, layout_loops_corners
D:2:      layout_basic, minmay_box_of_dots
D:3:      layout_basic, lemuel_round_altar, ebering_ghost_rock_garden,
          hangedman_decor_clover_reticule
D:4:      layout_basic, tgw_sif, minmay_temple_entry_glassed_door,
          minmay_unequal
D:5:      layout_basic, nicolae_tso_besieged_by_evil, serial_shops,
          nicolae_shop_temple_entry_statues_fountains, first_ration,
          minmay_shop_enchanted_jewellery, patterned_corridor
D:6:      layout_cave_pools, nicolae_overflow_hidden_temple,
          kennysheep_mini_moat, hex_medium, fedhas_bush_and_centaur_altar,
          uniq_sigmund
Temple:   nicolae_temple_figure_eight

Skill      XL: |  1  2  3  4  5  6  7  8 |
---------------+-------------------------+-----
Polearms       | 3 4 5 6 7 9 |  9.0
Fighting       | 3 4 5 6 |  6.8
Throwing       | |  1.7
Dodging        | |  2.6

Action                   |  1- 3 |  4- 6 |  7- 9 || total
-------------------------+-------+-------+-------++-------
Melee: Trident           |    98 |       |       ||    98
       Short sword       |    44 |    99 |   186 ||   329
Throw: Throwing net      |       |     1 |       ||     1
 Stab: Sleeping          |     1 |       |     2 ||     3
  Eat: Chunk             |     3 |    10 |     4 ||    17
       Ration            |       |       |     1 ||     1
Armor: Leather armour    |    35 |    14 |    29 ||    78
Dodge: Dodged            |    97 |    58 |    86 ||   241
Block: Other             |       |    12 |    49 ||    61
       Reflection        |       |       |     2 ||     2
